[Event "Hungarian Youth-ch U14 2022"]
[Site "Eger"]
[Date "2022.07.29"]
[Round "7.5"]
[White "Csernyik, Mark"]
[Black "Giang, Tran Nam"]
[Result "1/2-1/2"]
[ECO "D26"]
[WhiteElo "2022"]
[BlackElo "2144"]
[Annotator "TA"]
[PlyCount "44"]
[EventDate "2022.07.21"]
[EventType "tourn"]
[EventCountry "HUN"]
[SourceTitle "playchess.com"]
[Source "ChessBase"]
[SourceQuality "1"]
[TimeControl "40/5400+30:1800+30"]

1. Nf3 d5 2. d4 Nf6 3. c4 dxc4 4. e3 e6 5. Bxc4 a6 6. O-O c5 7. Bb3 b5 8. Nc3 Bb7 9. Ne5 {[%emt 0:06:14] 9.e4 is becoming the main line. D27: Queen's Gambit Accepted: Classical main line: 7 e4!? and 7 a4.} (9. e4 $11) 9... Nbd7 10. f4 {[%emt 0:03:09] [#]} Qc7 $146 ({Predecessor:} 10... Qb6 11. Nxd7 Nxd7 12. f5 e5 13. dxc5 Nxc5 14. Bc2 Rd8 15. Qh5 b4 {0-1 (45) Ghane Gardeh,S (2408)-Capo Vidal,U (2340) Dresden 2008}) 11. Bd2 {[%emt 0:06:37] Black has an edge.} Be7 12. Rc1 O-O 13. Bc2 Rfd8 14. Qe2 Nf8 (14... Rac8 $15 {is superior.}) 15. dxc5 Qxc5 16. Ne4 $1 Qb6 17. Nxf6+ Bxf6 18. Bc3 Ng6 19. Rcd1 Rxd1 20. Bxd1 {[%emt 0:00:34] [#] Strongly threatening Nd7.} Rd8 {[%emt 0:03:38] Against Nd7} 21. Bc2 Nh4 22. Bxh7+ Kxh7 {Weighted Error Value: White=0.17 (very precise) /Black=0.14 (very precise)} 1/2-1/2

[Event "Hungarian Youth-ch U14 2022"]
[Site "Eger"]
[Date "2022.07.29"]
[Round "7.6"]
[White "Horvath, Greta"]
[Black "Lazsadi, Kerka Lilla"]
[Result "0-1"]
[ECO "C18"]
[WhiteElo "1346"]
[BlackElo "1674"]
[Annotator "NA RC COMBH"]
[PlyCount "85"]
[EventDate "2022.07.21"]
[EventType "tourn"]
[EventCountry "HUN"]
[SourceTitle "playchess.com"]
[Source "ChessBase"]
[SourceQuality "1"]
[TimeControl "40/5400+30:1800+30"]

1. e4 e6 2. d4 d5 3. Nc3 Bb4 4. e5 Ne7 5. a3 Bxc3+ 6. bxc3 c5 7. Qg4 Qc7 8. dxc5 Qxe5+ 9. Ne2 O-O 10. Qd4 Nbc6 11. Qxe5 Nxe5 12. Nd4 a6 13. Be2 Bd7 14. O-O Rfc8 15. Nb3 Ba4 16. f4 Nd7 17. Be3 Bxb3 18. cxb3 Nxc5 19. Bxc5 Rxc5 20. Rac1 Rac8 21. Rf3 Nf5 22. Rd3 Kf8 23. Bf3 b5 24. Kf2 d4 25. g4 Rxc3 26. Rdxc3 Rxc3 27. Rd1 Nh4 28. Bb7 Rxb3 29. Bxa6 Rxa3 30. Bxb5 Rf3+ 31. Ke2 Rxf4 32. h3 f5 33. gxf5 Nxf5 34. Bd3 Ng3+ 35. Kd2 h6 36. Re1 Kf7 37. Bc4 Re4 38. Rxe4 Nxe4+ 39. Kd3 Nf2+ 40. Kxd4 Nxh3 41. Ke5 Ng5 42. Be2 Ke7 43. Kd4 0-1

[Event "Hungarian Youth-ch U14 2022"]
[Site "Eger"]
[Date "2022.07.29"]
[Round "7.7"]
[White "Beznicza, Mira"]
[Black "Karacsonyi, Luca"]
[Result "1/2-1/2"]
[ECO "B20"]
[WhiteElo "1608"]
[BlackElo "1789"]
[Annotator "NA RC COMBH"]
[PlyCount "68"]
[EventDate "2022.07.21"]
[EventType "tourn"]
[EventCountry "HUN"]
[SourceTitle "playchess.com"]
[Source "ChessBase"]
[SourceQuality "1"]
[TimeControl "40/5400+30:1800+30"]

1. e4 c5 2. b3 Nc6 3. Bb2 d6 4. Bb5 Nf6 5. Nc3 a6 6. Bxc6+ bxc6 7. Qe2 g6 8. h3 Bg7 9. f4 Qc7 10. g4 e5 11. fxe5 dxe5 12. Na4 Nd7 13. O-O-O a5 14. Qf2 Qd6 15. Rf1 f6 16. Nf3 c4 17. h4 cxb3 18. axb3 Ba6 19. d3 Bb5 20. Nc3 Nc5 21. g5 a4 22. gxf6 Bxf6 23. Ng5 Rf8 24. Qe3 Bxg5 25. Rxf8+ Qxf8 26. hxg5 axb3 27. Nxb5 cxb5 28. cxb3 Nxb3+ 29. Kc2 Qb4 30. Kd1 Nd4 31. Qc1 Qb3+ 32. Kd2 Qb4+ 33. Kd1 Qb3+ 34. Kd2 Qb4+ 1/2-1/2

[Event "Hungarian Youth-ch U14 2022"]
[Site "Eger"]
[Date "2022.07.29"]
[Round "7.8"]
[White "Eros, Vivien"]
[Black "Nandin-Erdene, Davaademberel"]
[Result "1-0"]
[ECO "B12"]
[WhiteElo "1599"]
[BlackElo "1789"]
[Annotator "NA RC COMBH"]
[PlyCount "73"]
[EventDate "2022.07.21"]
[EventType "tourn"]
[EventCountry "HUN"]
[SourceTitle "playchess.com"]
[Source "ChessBase"]
[SourceQuality "1"]
[TimeControl "40/5400+30:1800+30"]

1. e4 c6 2. d4 d5 3. e5 Bf5 4. Nf3 e6 5. Be2 c5 6. c3 Nc6 7. O-O cxd4 8. cxd4 Nge7 9. Nc3 Nc8 10. Be3 Be7 11. Qb3 Nb6 12. a4 O-O 13. a5 Nc4 14. Bxc4 dxc4 15. Qxb7 Nb4 16. Bg5 f6 17. exf6 gxf6 18. Bh6 Rf7 19. Qb5 Qd6 20. Rfd1 Qc7 21. Nd2 Rc8 22. a6 Nc2 23. Ra4 Nxd4 24. Qxc4 e5 25. Qd5 Qb8 26. Nde4 Rd8 27. Qb7 Qxb7 28. axb7 Bxe4 29. Nxe4 Ne2+ 30. Kf1 Rxd1+ 31. Kxe2 Rd8 32. Rxa7 Bb4 33. Ra8 Rfd7 34. Nxf6+ Kf7 35. Nxd7 Bd6 36. Rxd8 Ke7 37. Bg5+ 1-0

[Event "Hungarian Youth-ch U14 2022"]
[Site "Eger"]
[Date "2022.07.29"]
[Round "7.9"]
[White "Szarvas, Nora Orsolya"]
[Black "Kovacs, Reka"]
[Result "1-0"]
[ECO "B33"]
[WhiteElo "1692"]
[BlackElo "1716"]
[Annotator "NA COMBH"]
[PlyCount "103"]
[EventDate "2022.07.21"]
[EventType "tourn"]
[EventCountry "HUN"]
[SourceTitle "playchess.com"]
[Source "ChessBase"]
[SourceQuality "1"]
[TimeControl "40/5400+30:1800+30"]

1. e4 c5 2. Nf3 Nc6 3. d4 cxd4 4. Nxd4 Nf6 5. Nc3 e5 6. Ndb5 d6 7. Bg5 a6 8. Na3 b5 9. Nd5 Be7 10. Bxf6 Bxf6 11. c4 b4 12. Nc2 a5 13. g3 O-O 14. Bg2 Bg5 15. O-O Be6 16. Qd3 Qb8 17. b3 Qa7 18. Rfd1 Kh8 19. Qe2 Rab8 20. Qh5 f6 21. h4 g6 22. Qe2 Bh6 23. Nde3 Qc5 24. h5 f5 25. hxg6 hxg6 26. exf5 gxf5 27. Qh5 Rf6 28. Nd5 Bf7 29. Qh3 Bxd5 30. Rxd5 Qb6 31. Rb5 Qc7 32. Bxc6 Rg8 33. Bd5 Rgg6 34. Ne3 f4 35. Rb7 Qd8 36. Ng4 fxg3 37. Nxf6 gxf2+ 38. Kh1 Qxf6 39. Rf1 Rg1+ 40. Rxg1 fxg1=Q+ 41. Kxg1 Qg5+ 42. Qg2 Qe3+ 43. Qf2 Qg5+ 44. Bg2 Qc1+ 45. Qf1 Qe3+ 46. Kh1 Bf4 47. Bf3 Bh6 48. Rb8+ Bf8 49. Qh3+ Kg7 50. Rb7+ Kf6 51. Rf7+ Kxf7 52. Bd5+ 1-0

[Event "Hungarian Youth-ch U14 2022"]
[Site "Eger"]
[Date "2022.07.29"]
[Round "7.10"]
[White "Balazs, Sztella Anna"]
[Black "Toth, Timea"]
[Result "1-0"]
[ECO "B37"]
[WhiteElo "1663"]
[BlackElo "1964"]
[Annotator "TA"]
[PlyCount "71"]
[EventDate "2022.07.21"]
[EventType "tourn"]
[EventCountry "HUN"]
[SourceTitle "playchess.com"]
[Source "ChessBase"]
[SourceQuality "1"]
[TimeControl "40/5400+30:1800+30"]

1. e4 c5 2. Nf3 Nc6 3. d4 cxd4 4. Nxd4 g6 5. c4 Bg7 6. Nc2 e6 {[%emt 0:00:44] B37: Sicilian: Maroczy Bind with 5...Bg7, sidelines.} 7. Be2 Nge7 8. O-O O-O {[%emt 0:00:14] The position is equal.} 9. Nc3 {[%emt 0:01:21] Against d5} b6 ({Better is} 9... f5 $11) 10. Be3 {[%emt 0:02:07] [#]} (10. Bg5 $14) 10... Rb8 $146 (10... f5) (10... f5 $11 {keeps the balance.}) ({Predecessor:} 10... Bb7 11. Qd2 f5 12. f3 d5 13. exd5 exd5 14. cxd5 Nb4 15. Nxb4 {1-0 (15) Gatineau,Y (2423)-Kim,K (2019) Chess.com INT 2020}) 11. Qd2 Bb7 12. Rfd1 {[%emt 0:03:39] White is more active.} (12. Bg5 {looks sharper.} f5 13. exf5 Rxf5 14. Rad1) 12... Bc8 13. Rab1 a6 14. Qd6 ({White should try} 14. Bf4 $16) 14... Be5 $14 15. Qd2 Bg7 $1 16. a4 Qc7 17. c5 (17. Nd5 exd5 18. cxd5) 17... bxc5 18. Bxc5 {[%emt 0:00:08] aiming for Bd6.} Qb7 $2 {[%emt 0:19:42] Black cannot hold the game after this.} (18... Be5) ({Black should play} 18... Be5 $1 $14) 19. b4 $18 {[%emt 0:04:53] [#] Black must now prevent b5.} Re8 20. b5 axb5 21. axb5 Nd8 22. Bf3 {[%emt 0:04:15][%cal Oe4e5] Threatens to win with e5!} d5 23. exd5 Bxc3 24. Qxc3 exd5 (24... Nxd5 25. Bxd5 exd5) (24... Nxd5 $142 25. Bxd5 exd5) 25. Bd6 {[%emt 0:04:46] A strong pair of Bishops.} Ra8 (25... Bf5 26. Bxb8 Qxb8) 26. Bxe7 $2 (26. Ne3) (26. Ne3) 26... Qxe7 27. Bxd5 Rb8 28. Re1 $40 {[%emt 0:02:19][%mdl 128] Black is in trouble.} Ne6 29. Nd4 {[%emt 0:02:00] [#] Strongly threatening Nc6.} Qf6 30. Qc4 Nf4 $2 (30... Bd7) 31. Rxe8+ {[%emt 0:00:25] White is clearly winning.} Kg7 32. Rxc8 Rxc8 33. Qxc8 Nxd5 34. Ne2 Qe5 35. Qc4 Nb6 36. Qd4 {[%emt 0:00:10] Weighted Error Value: White=0.50/Black=0.42} 1-0

[Event "Hungarian Youth-ch U14 2022"]
[Site "Eger"]
[Date "2022.07.30"]
[Round "8.1"]
[White "Szegedy, Matyas"]
[Black "Giang, Tran Nam"]
[Result "1/2-1/2"]
[ECO "C03"]
[WhiteElo "2152"]
[BlackElo "2144"]
[Annotator "TA"]
[PlyCount "163"]
[EventDate "2022.07.21"]
[EventType "tourn"]
[EventCountry "HUN"]
[SourceTitle "playchess.com"]
[Source "ChessBase"]
[SourceQuality "1"]
[TimeControl "40/5400+30:1800+30"]

1. e4 e6 2. d4 d5 3. Nd2 Be7 4. Ngf3 Nf6 5. e5 Nfd7 6. Bd3 c5 7. c3 Nc6 8. O-O g5 9. dxc5 Ndxe5 {[%emt 0:00:51] C06: French Tarrasch: 3...Nf6 4 e5 Nfd7 5 Bd3 main lines.} 10. Bb5 {[%emt 0:01:37] Black must now prevent Nxe5.} (10. Bc2 {keeps more tension.} Bxc5 11. Nxg5 Qxg5 12. Ne4) 10... Ng6 11. Nb3 O-O 12. Re1 Bd7 {[%emt 0:07:35] [#]} 13. Bd3 $146 ({Predecessor:} 13. Be3 g4 14. Nfd2 e5 15. f3 h5 16. fxg4 hxg4 17. Nf1 Be6 18. Bh6 Re8 19. Ne3 {½-½ (57) Siva,M (2388)-Burcu,C (2193) Belgrade 2015}) 13... f5 14. c4 g4 15. cxd5 $1 gxf3 (15... exd5 $11 16. Nfd4 Rf7) 16. dxc6 $14 Bxc6 17. g3 (17. Bh6 $1 $14) 17... Bd5 $11 18. Bh6 Rf7 19. Qd2 Bf8 20. Rad1 Bxh6 21. Qxh6 {[%emt 0:00:18][%cal Od3c4] With the idea Bc4!} Qf6 22. Na5 b6 (22... Bxa2 23. b3 $16) 23. Nc4 bxc5 24. Rd2 Rb8 25. b3 Qg7 26. Qxg7+ Kxg7 27. Ne3 Ne7 28. Bc4 Rd8 29. Red1 Rf6 30. Rd3 ({Of course not} 30. Bxd5 exd5 31. Nc2 (31. Nxd5 $2 Rfd6 $19) 31... f4 $11) 30... f4 31. Nxd5 exd5 32. Bxd5 fxg3 33. hxg3 (33. fxg3 {with more complications.} Ra6 34. Bxf3 Rxd3 35. Rxd3 Rxa2 36. Rd7) 33... Nxd5 34. Rxd5 Rxd5 35. Rxd5 {[%emt 0:00:01][%mdl 4096] Endgame KR-KR} Ra6 (35... Re6 $1 $11 {remains equal.}) 36. Rxc5 $16 Rxa2 37. Rf5 Rb2 38. Rxf3 a5 39. Kg2 Kg6 40. Rc3 Rd2 41. Kf3 Rd4 42. Rc6+ Kg7 43. Rb6 Rd2 44. Rb5 Rb2 45. Rxa5 Rxb3+ {[%emt 0:00:05] [#]} 46. Kg4 $1 Rb6 47. f4 Kg6 48. Rg5+ Kf6 49. Kh5 Rb2 50. Ra5 Rh2+ 51. Kg4 {[%emt 0:00:10] aiming for Rh5.} Rb2 (51... Kg7 $16 52. Rg5+ Kh8) 52. Ra6+ $18 Kg7 53. Kg5 {[%emt 0:01:01] Against h6+} Rb7 54. f5 Rc7 55. g4 Rb7 $2 (55... Rc1 56. f6+ Kg8 57. Ra8+ Kf7 58. Ra7+ Kg8 59. Rg7+ Kh8) 56. Ra1 $2 (56. f6+ Kf7 57. Kh6) 56... Rc7 57. Rh1 $2 (57. Kh5 $18) 57... Rc5 $2 (57... Rc3 $16 {keeps fighting.} 58. f6+ Kg8) 58. Rh6 Rb5 59. Re6 Rb7 60. Kh5 $2 (60. Rd6 $18) 60... Rb1 $1 $11 61. Kg5 $2 (61. g5 $11) 61... Rb7 $1 $18 62. Kf4 $2 (62. Ra6 $18) 62... Rb4+ $2 (62... h6 $1 $14 63. Rg6+ Kh7) 63. Re4 Rb7 {[%emt 0:02:03] [#]} 64. g5 (64. Kg5 $1 $18) 64... Kf7 65. Ra4 Rc7 66. Kg4 Rc1 67. Kf4 ({White should play} 67. Ra7+ $16 Kg8 68. Kf3) 67... Rf1+ ({Better is} 67... Rc7 $1 $11 68. Kg4 Kg7) 68. Ke5 $14 Re1+ 69. Re4 Rg1 70. Ra4 {[%emt 0:02:21] Threatening mate with Ra7+.} Re1+ $1 71. Re4 Rg1 $1 72. Kf4 Rf1+ 73. Kg4 $1 Rg1+ 74. Kh5 $1 Rh1+ 75. Rh4 $1 Rf1 76. f6 ({Resist} 76. Kg4 Rg1+ 77. Kf4 Rf1+ 78. Ke4 Re1+ 79. Kf4 Rf1+ 80. Ke5 Re1+ 81. Kf4 Rf1+ $16) 76... Rg1 77. Ra4 (77. Rh2 $14) 77... Rh1+ $11 {[%emt 0:00:05] The position is equal.} 78. Kg4 Rg1+ 79. Kf4 {[%emt 0:00:05] Ra7+ is the strong threat.} Rf1+ 80. Ke4 {[%emt 0:01:31] Threatens to win with Ra7+.} Kg6 81. Ra5 h6 82. gxh6 {[%emt 0:00:21] Black escapes into a draw.  Weighted Error Value: White=0.28 (precise) /Black=0.15 (very precise)} 1/2-1/2

[Event "Hungarian Youth-ch U14 2022"]
[Site "Eger"]
[Date "2022.07.30"]
[Round "8.2"]
[White "Bodrogi, Bendeguz"]
[Black "Csernyik, Mark"]
[Result "1/2-1/2"]
[ECO "E73"]
[WhiteElo "2170"]
[BlackElo "2022"]
[Annotator "TA"]
[PlyCount "49"]
[EventDate "2022.07.21"]
[EventType "tourn"]
[EventCountry "HUN"]
[SourceTitle "playchess.com"]
[Source "ChessBase"]
[SourceQuality "1"]
[TimeControl "40/5400+30:1800+30"]

1. d4 Nf6 2. c4 g6 3. Nc3 Bg7 4. e4 d6 5. Be2 O-O 6. Be3 e5 7. d5 a5 8. g4 Na6 {[%emt 0:03:16] E73: King's Indian: Averbakh Variation without 6...c5.} 9. f3 c6 10. Qd2 cxd5 {[%emt 0:01:28] White is slightly better.} 11. cxd5 Bd7 12. h4 Nc5 13. h5 {[%emt 0:05:51] [#]} Qe7 $146 ({Predecessor:} 13... a4 14. Nh3 Qa5 15. Nf2 Rfc8 16. Rc1 b5 17. Kf1 b4 18. Ncd1 Bb5 19. Bxb5 Qxb5+ {1-0 (39) Mchedlishvili,M (2570)-Jojua,D (2557) Tornelo INT 2020}) 14. Rc1 Rfc8 15. h6 Bh8 16. Bc4 Qe8 17. Qe2 a4 18. Bd2 Ra5 19. Nb1 Raa8 20. Na3 {[%emt 0:00:41] [#] Inhibits b5.} Qe7 ({Black should play} 20... Bxg4 $1 $11 21. fxg4 Nfxe4) 21. Bg5 $14 Qd8 22. Nh3 Qb6 23. Nf2 Ne8 24. Be3 {[%emt 0:02:49] Active counter play!} Nc7 {[%emt 0:02:08] Inhibits Bb5.} 25. Nd3 {[%emt 0:02:22] Weighted Error Value: White=0.12 (very precise) /Black=0.14 (very precise)} 1/2-1/2

[Event "Hungarian Youth-ch U14 2022"]
[Site "Eger"]
[Date "2022.07.30"]
[Round "8.4"]
[White "Gergely, Daniel"]
[Black "Turcsanyi, Vince Gergo"]
[Result "1-0"]
[ECO "A59"]
[WhiteElo "2053"]
[BlackElo "2117"]
[Annotator "TA"]
[PlyCount "117"]
[EventDate "2022.07.21"]
[EventType "tourn"]
[EventCountry "HUN"]
[SourceTitle "playchess.com"]
[Source "ChessBase"]
[SourceQuality "1"]
[TimeControl "40/5400+30:1800+30"]

1. d4 Nf6 2. c4 c5 3. d5 b5 4. cxb5 a6 5. bxa6 Bxa6 6. Nc3 g6 7. e4 Bxf1 8. Kxf1 d6 9. g3 Bg7 10. Kg2 O-O 11. Nf3 Nbd7 12. a4 {[%emt 0:00:09] A59: Benko/Volga Gambit: White castles by hand.} Ra6 13. Qc2 {[%emt 0:00:32] 13.Qc2 was played by the boomers.} Qa8 14. Ra3 {[%emt 0:00:43] White is slightly better.} e6 15. dxe6 fxe6 16. Re1 Ng4 (16... Rc8) (16... c4 $14) 17. Nb5 $16 {[%emt 0:10:44] [#] Threatens to win with Nc7.} Qc6 $146 {[%emt 0:18:46] [#] Inhibits Nc7.} (17... Qb7 18. Bf4 d5 19. exd5 exd5 20. Bd6 Rc8 21. Re7 Bf8 22. Qe2 Bxe7 23. Qxe7 Ngf6) (17... Qb7 $16 {was called for.} 18. Qe2 Nde5) ({Predecessor:} 17... Qb7 18. Bf4 d5 19. exd5 exd5 20. Bd6 Rc8 21. Re7 Bf8 22. Qe2 Bxe7 23. Qxe7 Ngf6 {1-0 (39) Leitao,R (2623)-Leon Hoyos,M (2579) Istanbul 2012}) 18. h3 $2 (18. Qc4 $1 $18 {[%cal Rc4e6] is the precise move to win.} Kh8 19. Qxe6) 18... Nge5 19. Nxe5 (19. Ng5 {is more complex.} d5 20. f4 Nf7 21. exd5 Qxd5+ 22. Ne4) 19... Bxe5 20. f4 (20. f3) 20... Bg7 21. Kh2 Nb6 22. Qb3 (22. b3) ({White should try} 22. b3 $16) 22... d5 $14 23. exd5 exd5 24. Re7 Nc4 {Strongly threatening ...Bf6.} 25. Ra2 Raa8 {[%emt 0:07:38] White stays focused until the end.} (25... Bf6 $11 26. Rc7 Qe6) 26. Qf3 $16 {[%emt 0:05:04] Black must now prevent b3.} Rfe8 27. Rc7 Qe6 28. b3 ({Inferior is} 28. Rxc5 Qe2+ 29. Qg2 Qxg2+ 30. Kxg2 Re2+ 31. Kf3 Rc2 $17) 28... Nd6 29. Rxc5 {[%emt 0:03:20] And now Nc7 would win.} Nxb5 30. Rxb5 Rad8 (30... Rac8 $142) 31. Rg2 $18 d4 32. f5 gxf5 33. Qxf5 d3 34. Qxe6+ Rxe6 {[%emt 0:00:01] [#]} 35. Bd2 $1 Re2 36. a5 Rc8 $2 (36... Rf8) 37. a6 (37. Rxe2 $142 dxe2 38. Kg2) 37... Ra8 38. Rb6 {[%emt 0:00:45] aiming for Rxe2.} Re7 (38... Bd4 $142 39. Rd6 Bf2) 39. b4 Rd7 40. Rc6 Bd4 41. Bf4 {[%emt 0:07:38] b5 is the strong threat.} Rd5 42. Rd2 Bg7 $2 (42... Rb5 {might work better.} 43. Rxd3 Rxb4) 43. h4 Bf8 44. Rb6 Rd4 45. b5 Bb4 46. Rd1 d2 47. Rb7 Re4 48. a7 Re2+ 49. Kh3 {[%emt 0:00:13] White wants to mate with Rb8+.} Re1 50. Rb8+ Kf7 51. Rxa8 Rxd1 {[%emt 0:00:06] [#]} 52. Bxd2 $1 Rxd2 {[%emt 0:00:39] [#]} 53. Rf8+ $3 Bxf8 54. a8=Q {[%emt 0:00:07] Intending Qf3+ and mate. KQ-KRB} h5 55. Qf3+ Kg8 56. Qxh5 (56. b6 $142 Rd7 57. Qxh5 Rf7 58. Qg6+ Rg7 59. Qe6+ Kh7 60. Qf5+ Kg8 61. Qd5+ Kh8 62. h5) 56... Rb2 57. Qg5+ {[%emt 0:00:54] White mates.} Bg7 58. h5 Kh7 59. Qg6+ {[%emt 0:00:29] Weighted Error Value: White=0.20 (precise) /Black=0.47} 1-0

[Event "Hungarian Youth-ch U14 2022"]
[Site "Eger"]
[Date "2022.07.30"]
[Round "8.5"]
[White "Kolimar, Kristof Pal"]
[Black "Szakmary, Domonkos"]
[Result "1-0"]
[ECO "A43"]
[WhiteElo "2160"]
[BlackElo "1967"]
[Annotator "TA"]
[PlyCount "84"]
[EventDate "2022.07.21"]
[EventType "tourn"]
[EventCountry "HUN"]
[SourceTitle "playchess.com"]
[Source "ChessBase"]
[SourceQuality "1"]
[TimeControl "40/5400+30:1800+30"]

1. d4 c5 2. d5 Nf6 3. Nc3 d6 4. e4 g6 5. Nf3 Bg7 6. Be2 O-O 7. O-O Bg4 8. Nd2 Bxe2 9. Qxe2 Nbd7 10. a4 Ne8 11. a5 {[%emt 0:08:17] A43: Schmid Benoni.} Nc7 12. f4 a6 (12... b6 $11 {remains equal.}) 13. Nc4 $16 {[%emt 0:01:01] White is better.} Nb5 14. Na4 {[%emt 0:01:57] [#]} Nd4 $146 ({Black should try} 14... e6 $14) ({Predecessor:} 14... Qc7 15. c3 Rae8 16. Nab6 e6 17. Qd3 Nxb6 18. axb6 Qe7 19. f5 exf5 20. exf5 Qe4 21. Qxe4 Rxe4 {1-0 (85) Koellner,R (2265)-Yankelevich,L (2480) Tegernsee 2019}) 15. Qd1 Qe8 16. c3 Nb5 17. Qd3 Rd8 18. Bd2 Nc7 19. Kh1 (19. Rae1 $142) 19... f5 20. exf5 Rxf5 21. Ne3 Rf8 22. Rae1 Nf6 23. Nb6 Na8 24. Nxa8 Rxa8 25. Nc4 Qf7 26. Nb6 Rad8 27. Re6 Nd7 28. Nc4 (28. g4 $16) 28... Rb8 (28... Qf5 $14 29. Qe2 (29. Qxf5 Rxf5 30. Ne3 Rf7 $14) 29... Qxd5 30. Rxe7 Nf6) 29. Rfe1 (29. f5 $142) 29... Rfe8 (29... b5 $16 30. axb6 Nxb6) 30. b3 (30. Qe2 $18 {[%cal Oc4d6] has better winning chances. aiming for Nxd6!} Kf8 31. Qe3) 30... b5 31. axb6 $1 Nxb6 32. Na5 {[%emt 0:00:04] Nc6 is the strong threat.} Qf5 33. Qxf5 gxf5 {[%emt 0:00:22] [#]} 34. c4 $36 {[%emt 0:03:49][%mdl 2048] Keeping Black busy.} Kf7 (34... Bf6 $142 35. Nc6 Ra8) 35. Nc6 Rb7 {[%emt 0:00:41] [#]} 36. Ba5 (36. R1e3 $1 $18) 36... Bf6 37. g3 {[%emt 0:00:12] White is much more active.} Kf8 38. Kg2 Nd7 39. R6e3 Bd4 $2 (39... h5 $16 {is more resistant.} 40. h3 Nb6) 40. Rxe7 $18 {[%emt 0:00:00] White is clearly winning.} Rxe7 41. Rxe7 Bf6 42. Re6 ({Less strong is} 42. Rxh7 Kg8 $18) 42... Rxb3 {[%emt 0:01:28] Weighted Error Value: White=0.17 (very precise) /Black=0.47} 1-0

[Event "Hungarian Youth-ch U14 2022"]
[Site "Eger"]
[Date "2022.07.30"]
[Round "8.6"]
[White "Lazsadi, Kerka Lilla"]
[Black "Toth, Timea"]
[Result "1-0"]
[ECO "B07"]
[WhiteElo "1674"]
[BlackElo "1964"]
[Annotator "TA"]
[PlyCount "111"]
[EventDate "2022.07.21"]
[EventType "tourn"]
[EventCountry "HUN"]
[SourceTitle "playchess.com"]
[Source "ChessBase"]
[SourceQuality "1"]
[TimeControl "40/5400+30:1800+30"]

1. d4 Nf6 2. Nc3 g6 3. e4 d6 4. f3 Bg7 5. Be3 O-O 6. Qd2 e5 {[%emt 0:02:16] 6...e5 scores better than 6...c6.} 7. d5 a6 {[%emt 0:08:11] B07: Pirc Defence: Miscellaneous Systems.} 8. O-O-O Nbd7 9. Bh6 {[%emt 0:01:14] [#]} Qe8 $146 {[%emt 0:18:07] White is slightly better.} (9... b5 10. h4 Nc5 11. g4 Na4 12. h5 Nxc3 13. bxc3 c5 14. Bxg7 Kxg7 15. hxg6 fxg6) ({Predecessor:} 9... b5 10. h4 Nc5 11. g4 Na4 12. h5 Nxc3 13. bxc3 c5 14. Bxg7 Kxg7 15. hxg6 fxg6 {½-½ (66) Petkova,I (1233)-Mirowska,O (1477) Tornelo INT 2020}) 10. h4 Bxh6 11. Qxh6 Nh5 12. Nce2 {[%emt 0:02:07] White is more active.} (12. g4 Ng3 13. Rh3 Nxf1 14. h5 (14. Rxf1 f6)) ({White should play} 12. Bd3 $16) 12... Ndf6 (12... f5 $11 {keeps the balance.}) 13. g4 (13. Nh3 $16) 13... Nf4 $2 {[%emt 0:06:12] A mistake that costs the game.} (13... Bxg4 14. fxg4 Nxg4) (13... Bxg4 $1 $14 14. fxg4 Nxg4) 14. Nxf4 $18 exf4 15. Qxf4 Kg7 (15... Qe5 16. Ne2 h5) (15... Qe5 $142 16. Qxe5 dxe5) 16. h5 (16. g5 Nh5 17. Qe3 Qe5) ({Don't play} 16. g5 $6 Nh5 17. Qe3 Qe7 $16) 16... Qe5 17. Qd2 g5 18. h6+ Kh8 19. Nh3 Rg8 20. Nf2 Rg6 (20... Nd7 $142 21. Kb1 Qf6) 21. Nd3 Qe7 22. Qc3 Kg8 23. Ne1 Kf8 24. Bd3 Ng8 $2 (24... Rg8 25. Ng2 Ne8) (24... Rg8 25. Ng2 Ne8) 25. e5 Rxh6 (25... f5 $142 26. e6 Rxh6) 26. Rxh6 Nxh6 27. exd6 Qxd6 28. Qh8+ Ke7 29. Qxh7 $2 (29. Ng2) 29... Bd7 30. Ng2 Ng8 (30... Re8 $142 31. Qg7 (31. Rh1 Ng8 $16) 31... Rg8) 31. Re1+ (31. f4 gxf4 32. Rf1) (31. Qg7 $142 {Strongly threatening Re1+.} Qf6 32. Re1+ Kd6 33. Qh7) 31... Kf8 32. Qh8 $36 {[%emt 0:05:02][%mdl 2048] [#] Threatens to win with Bh7. White is in control.} Qf6 33. Qxf6 Nxf6 34. Re5 Kg7 (34... c6 $16 {keeps fighting.} 35. c4 (35. Rxg5 Nxd5 36. c4 Nf6 $16) 35... b5) 35. Rxg5+ Kh6 36. Re5 {[%emt 0:00:20] [#] Black must now prevent g5+.} Re8 37. Rxe8 Bxe8 {[%emt 0:00:17][%mdl 4096] Endgame KBN-KBN} 38. c4 Nd7 39. f4 f6 40. Kd2 Nc5 41. Bc2 Bg6 42. Bxg6 Kxg6 {[%emt 0:00:02] KN-KN} 43. Nh4+ Kh6 (43... Kf7 $142 44. Nf5 b6) 44. Ke3 a5 45. Nf5+ Kg6 46. Nd4 {[%emt 0:00:47] aiming for Ne6.} Kf7 {[%emt 0:03:13] Against Ne6} 47. Ne6 Nxe6 48. dxe6+ Kxe6 {[%emt 0:00:06] KP-KP} 49. Ke4 {[%emt 0:00:24] And now a4 would win.} c6 50. c5 {[%emt 0:00:13] White mates.} Kf7 51. Kf5 a4 52. a3 Ke7 53. g5 fxg5 54. fxg5 Kf7 55. g6+ Kg7 56. Kg5 {[%emt 0:00:06] Weighted Error Value: White=0.35/Black=0.61} 1-0